Map: Nightshade LE

Players

llllllllllll

  • Race: Protoss Protoss
  • League: Master
  • Spawn Location: 11:00

Basset - Winner!

  • Race: Zerg Zerg
  • League: Grandmaster
  • Spawn Location: 5:00

VOD

Have the link to the VOD?

Description

Time

  • Played on: March 22, 2020, 6:14 a.m.
  • Length: 4:01
Show
View Real Time Build Order
Export as new Build Order

llllllllllll Protoss 

Build Orders: 1 Gate Expand, Oracle Opening 

Get SALT Encoding   

  12  0:00  Probe  
  13  0:13  Probe  
  14  0:17  Pylon  
  14  0:25  Probe (Chrono Boost)  
  14  0:28  Assimilator  
  15  0:37  Probe (Chrono Boost)  
  16  0:43  Probe (Chrono Boost)  
  16  0:47  Gateway  
  17  0:51  Probe  
  18  1:03  Probe  
  19  1:20  Probe  
  20  1:28  Nexus  
  20  1:38  Cybernetics Core  
  20  1:39  Probe  
  21  1:49  Assimilator  
  21  1:52  Probe  
  22  1:56  Pylon  
  22  2:04  Probe  
  23  2:11  Stalker (Chrono Boost)  
  25  2:19  Probe  
  26  2:26  Stargate  
  26  2:31  Probe  
  26  2:34  Adept  
  29  2:40  Probe  
  29  2:43  Pylon  
  30  2:45  Probe  
  31  2:52  Probe  
  31  2:57  Probe  
  33  3:04  Probe  
  34  3:09  Oracle (Chrono Boost), Probe  
  34  3:11  Gateway  
  38  3:21  Twilight Council  
  38  3:22  Probe  
  38  3:27  Probe  
  38  3:43  Probe  
Show
View Real Time Build Order
Export as new Build Order

Basset Zerg - Winner!

Build Orders: Hatch First 

Get SALT Encoding   

  12  0:01  Drone  
  13  0:12  Overlord  
  13  0:17  Drone  
  14  0:31  Drone  
  14  0:32  Drone  
  14  0:35  Drone  
  17  0:55  Drone  
  18  0:57  Hatchery  
  18  0:59  Drone  
  18  1:09  Extractor  
  17  1:14  Spawning Pool  
  17  1:17  Drone  
  17  1:20  Drone  
  18  1:28  Drone  
  19  1:38  Drone  
  20  1:49  Extractor, Drone  
  20  2:00  Drone  
  21  2:03  Roach Warren  
  21  2:06  Queen  
  22  2:09  Queen  
  22  2:14  Drone  
  25  2:24  Zergling x2, Overlord  
  26  2:44  Roach x3  
  32  2:54  Zergling x4  
  32  2:55  Zergling x2  
  35  3:04  Ravager  
  35  3:05  Overlord  
  35  3:12  Spore Crawler  
  35  3:16  Ravager  
  35  3:22  Ravager  
  35  3:24  Roach x2  
  40  3:30  Roach  
  40  3:33  Roach  
Tags
 
Add a new tag
Caveats
  • Supply blocks, unpowered buildings, or Contaminate may cause inaccurate times.
  • Supply counts are checked every 10 seconds.